 Dungeon Crawl Stone Soup version 0.27-a0-1273-gec92ba881d (webtiles) character file.

Game seed: 14365190880443064674

93 robertstho the Magician (level 4, 0/32 HPs)
             Began as a Djinni Fire Elementalist on June 11, 2021.
             Slain by Crazy Yiuf
             ... wielding a +2 quarterstaff of chaos
              (5 damage)
             ... on level 3 of the Dungeon.
             The game lasted 00:03:53 (3771 turns).

robertstho the Magician (Djinni Fire Elementalist)  Turns: 3771, Time: 00:03:54

Health: 0/32       AC:  2    Str:  7    XL:     4   Next: 91%
Gold:   177        EV: 12    Int: 24    God:
                   SH:  0    Dex: 13

rFire    + + +     SeeInvis .   c - +2 dagger (freeze)
rCold    . . .     Faith    .   (no shield)
rNeg     . . .     Spirit   .   a - +0 robe
rPois    ∞         Reflect  .   (no helmet)
rElec    +         Harm     .   (no cloak)
rCorr    +         Rampage  .   (no gloves)
Will     .....                  (boots unavailable)
Stlth    ++........             (no amulet)
HPRegen  0.10/turn              f - +6 ring of intelligence
MPRegen  0.00/turn              (no ring)

@: resistant, flying, very slightly contaminated
A: sickness immunity, fire resistance 2, cold vulnerability 1, float, innate
caster, hp casting, extra vitality 1
a: no special abilities


You were on level 3 of the Dungeon.
You visited 1 branch of the dungeon, and saw 3 of its levels.

You collected 177 gold pieces.

Inventory:

Hand Weapons
 c - a +2 dagger of freezing (weapon)
Armour
 a - a +0 robe (worn)
Jewellery
 f - a +6 ring of intelligence (left hand)
Scrolls
 b - a scroll of torment {unknown}
 j - a scroll of fog {unknown}
 k - 2 scrolls of teleportation
 l - a scroll of amnesia {unknown}
Potions
 d - a potion of lignification
 e - a potion of heal wounds {unknown}
 g - a potion of brilliance
 i - a potion of ambrosia


   Skills:
 * Level 1.6 Fighting
 + Level 2.4 Dodging
 + Level 1.8 Stealth
 + Level 3.5 Spellcasting


You couldn't memorise any spells.
You knew the following spells:

 Your Spells              Type           Power      Damage    Failure   Level
a - Foxfire               Conj/Fire      84%        2x1d8     2%          1
b - Conjure Flame         Conj/Fire      21%        6-21      7%          3
c - Inner Flame           Hex/Fire       21%        N/A       7%          3
d - Sticky Flame          Conj/Fire      21%        2d4       24%         4
e - Fireball              Conj/Fire      10%        3d6       54%         5
f - Summon Small Mammal   Summ           84%        N/A       2%          1
Your spell library was empty.

Dungeon Overview and Level Annotations

Branches:
Dungeon (3/15)

Altars:
Cheibriados

Annotations:
D:3 Crazy Yiuf


Innate Abilities, Weirdness & Mutations

You are immune to sickness and miasma.
You are immune to poison.
Your flesh is very heat resistant. (rF++)
You are vulnerable to cold. (rC-)
You float through the air rather than walking.
You learn spells naturally, not from books.
Your magical power is your life essence.
You have superior vitality. (+4 HP)


Message History

You conjure some foxfire!
The foxfire hits the adder!
The adder is severely wounded.
Casting: Foxfire (safe; 2% risk of failure)
Press: ? - help, Q - select action, (/) - cycle Dir - look around, f - activate You conjure some foxfire!
The foxfire hits the adder.
You kill the adder!
Your foxfire dissipates!
Casting: Foxfire (safe; 2% risk of failure)
Press: ? - help, Q - select action, (/) - cycle Dir - look around, f - activate You conjure some foxfire!
Your foxfire dissipates!
Your foxfire dissipates!
Your foxfire dissipates!
You see here an adder corpse.
You now have 177 gold pieces (gained 19).
l - a scroll labelled PEZESIPOANU You see here an adder corpse.
Found a mace.
Found a runed translucent door.
You reach down and open the door.
Casting: Foxfire (safe; 2% risk of failure)
Confirm with . or Enter, or press ? or * to list all spells.
The spell is extremely dangerous to cast (24% risk of failure)!
Continue anyway?
Aiming: Sticky Flame (extremely dangerous; 24% risk of failure)
Press: ? - help, Shift-Dir - straight line, f - Crazy Yiuf
Aim: Crazy Yiuf, wielding a +2 quarterstaff of chaos and wearing a +2 cloak of willpower (100% to hit)
You miscast Sticky Flame.
You are very lightly contaminated with residual magic.
Nothing appears to happen.
Crazy Yiuf hits you with a +2 quarterstaff of chaos!
Crazy Yiuf freezes you!
* * * LOW HITPOINT WARNING * * *
Unknown command.
Okay, then.
Crazy Yiuf says, "Crazy?
Crazy!?
PORCUPINE!"
It was a potion of resistance.
You feel protected.
Crazy Yiuf hits you with a +2 quarterstaff of chaos.
You die...

#.# #.# #.# #.#
#.# #.# #.# #.#
#.# ######## #.#
#..... ##.##♣♣♣♣♣
######
#..+...♣g♣♣♣ ###
#.....
#......@♣..♣#...#
#.####
#......♣♣♣♣.'...#
#.# ##.+..♣♣
♣♣#..)# ###
####♣♣ ###


You could see Crazy Yiuf.

Vanquished Creatures
  A scorpion zombie (D:3)
  An adder (D:3)
  A worm (D:2)
  2 orcs
  5 endoplasms (D:1)
  4 giant cockroaches
  9 goblins
  6 hobgoblins
  A kobold (D:2)
  2 quokkas (D:2)
  6 ball pythons (D:1)
  7 bats
  A frilled lizard (D:1)
  3 rats
49 creatures vanquished.

Vanquished Creatures (others)
  223 foxfires
223 creatures vanquished.

Grand Total: 272 creatures vanquished

Notes
Turn   | Place    | Note
-------+----------+-------------------------------------------
     0 | D:1      | robertstho the Djinni Fire Elementalist began the quest for
                  | the Orb.
     0 | D:1      | Reached XP level 1. HP: 15/15 MP: 0/0
    20 | D:1      | Reached XP level 2. HP: 11/22 MP: 0/0
   458 | D:1      | Reached skill level 1 in Fighting
   607 | D:1      | Reached XP level 3. HP: 20/27 MP: 0/0
   607 | D:1      | Learned a level 1 spell: Summon Small Mammal
   837 | D:1      | Found a faded altar of an unknown god.
  1056 | D:1      | Reached skill level 3 in Spellcasting
  2122 | D:2      | Reached XP level 4. HP: 27/32 MP: 0/0
  3078 | D:3      | Found a snail-covered altar of Cheibriados.
  3761 | D:3      | Found a runed translucent door.
  3762 | D:3      | Noticed Crazy Yiuf
  3771 | D:3      | Slain by Crazy Yiuf

Illustrated notes

Levels and vault maps discovered:
D:1:      mrwooster_arrival_arrow, layout_basic, ebering_ecumenical_altar_webs,
          minmay_misc_feat_five
D:2:      layout_basic
D:3:      layout_basic, old_standard_altar, uniq_crazy_yiuf_cottage

Skill      XL: |  1  2  3 |
---------------+----------+-----
Fighting       | 1 |  1.6
Spellcasting   | 3 |  3.5
Dodging        | |  2.4
Stealth        | |  1.8

Action                   |  1- 3 |  4- 6 || total
-------------------------+-------+-------++-------
Melee: Dagger            |     3 |       ||     3
 Cast: Foxfire           |   102 |    38 ||   140
       Sticky Flame      |       |     1 ||     1
  Use: Scroll            |       |     6 ||     6
       Potion            |       |     1 ||     1
Armor: Robe              |     5 |     1 ||     6
Dodge: Dodged            |    10 |     2 ||    12

Table legend: (Time is in decaauts)
 A = Elapsed time spent in this place.
 B = Non-inter-level travel time spent in this place.
 C = Inter-level travel time spent in this place.
 D = Time resting spent in this place.
 E = Time spent auto-exploring this place.
 F = Levels seen in this place.
 G = Mean time per level.
                   A        B        C        D        E       F      G
               +--------+--------+--------+--------+--------+-----+--------+
         Total |   3770 |   3693 |     77 |    115 |   3237 |   3 | 1256.7 |
       Dungeon |   3770 |   3693 |     77 |    115 |   3237 |   3 | 1256.7 |
               +--------+--------+--------+--------+--------+-----+--------+

Top non-repeatable levels by time:
     D:1: 1636 daAuts
     D:2: 1194 daAuts
     D:3: 940 daAuts
